 Dungeon Sprint DCSS version 0.29-a0-416-g83a48905f1 (webtiles) character file.

Game seed: 8768556611099572170

12881 Zeld the Warrior (level 11, -33/126 HPs)
             Began as a Minotaur Berserker on May 16, 2022.
             Was a High Priest of Trog.
             Annihilated by an orc knight
             ... wielding a +0 long sword
              (36 damage)
             ... in the Dungeon (Sprint IX: "|||||||||||||||||||||||||||||").
             The game lasted 00:04:17 (3197 turns).

Zeld the Warrior (Minotaur Berserker)               Turns: 3197, Time: 00:04:18

Health: -33/126    AC: 12    Str: 29    XL:     11   Next: 68%
Magic:  10/10      EV: 12    Int:  4    God:    Trog [*****.]
Gold:   675        SH:  0    Dex: 10    Spells: 10/10 levels left

rFire   . . .      SeeInvis .   a - +2 battleaxe (flame)
rCold   . . .      Faith    .   (shield currently unavailable)
rNeg    . . .      Spirit   .   q - +0 plate armour
rPois   .          Reflect  .   (helmet restricted)
rElec   .          Harm     .   b - +0 cloak
rCorr   .          Rampage  .   (no gloves)
Will    ++...      NoTele   +   l - +0 pair of boots
Stlth   ..........              (no amulet)
HPRegen 1.31/turn               o - +3 ring of strength
MPRegen 0.12/turn               (no ring)

@: strong-willed, corroded, on berserk cooldown, regenerating, slowed, very slow
A: horns 2, retaliatory headbutt
a: Renounce Religion, Berserk, Trog's Hand, Brothers in Arms


You were in the Dungeon.
You worshipped Trog.
Trog was extremely pleased with you.
You visited 1 branch You collected 675 gold pieces.

Inventory:

Hand Weapons
 a - a +2 battleaxe of flaming (weapon)
Armour
 b - a +0 cloak (worn)
 l - a +0 pair of boots (worn)
 q - a +0 plate armour (worn)
Jewellery
 o - a +3 ring of strength (left hand)
Wands
 j - a wand of acid (10)
Scrolls
 h - 3 scrolls of blinking
 n - 2 scrolls of enchant weapon
 r - a scroll of identify
Potions
 c - 5 potions of curing
 d - 7 potions of heal wounds
 e - 2 potions of haste
 f - 4 potions of magic
 g - a potion of berserk rage
 i - a potion of invisibility
 k - a potion of might
 m - a potion of flight


   Skills:
 * Level 20.5 Fighting
 - Level 20.0 Axes
 + Level 14.8 Armour
 + Level 13.7 Dodging


You had 10 spell levels left.
You didn't know any spells.
Your spell library was empty.

Dungeon Overview and Level Annotations

Branches:
Dungeon (1/1)

Altars:
Cheibriados
Dithmenos
Elyvilon
Fedhas
Gozag
Hepliaklqana
Kikubaaqudgha
Makhleb
Nemelex Xobeh
Okawaru
Qazlal
Ru
Sif Muna
Trog
Uskayaw
Vehumet
Wu Jian
Xom
Yredelemnul
Zin
The Shining One
Beogh
Jiyva
Lugonu


Innate Abilities, Weirdness & Mutations

You have a pair of horns on your head.
You reflexively headbutt those who attack you in melee.


Message History

* * * LOW HITPOINT WARNING * * *
You slice the orc high priest!! You burn the orc high priest.
You kill the orc high priest!
Trog accepts your kill. Trog grants you a weapon!
Something appears at your feet!
You see here a +2 broad axe.
An orc comes into view. It is wielding a +0 dagger.
The orc shouts!
The orc knight hits you with a +0 long sword!
* * * LOW HITPOINT WARNING * * *
Things that are here:
a +0 trident; 50 gold pieces You hit the orc knight.
You burn the orc knight. Your headbutt misses the orc knight.
The orc knight is lightly wounded.
Unknown command.
You slash the orc knight! You burn the orc knight! You headbutt the orc knight!
The orc knight is heavily wounded.
An orc warrior comes into view. It is wielding a +0 flail.
The orc knight barely misses you. You furiously retaliate!
You headbutt the orc knight, but do no damage.
You slash the orc knight! You burn the orc knight.
The orc knight is severely wounded.
Unknown command.
You slash the orc knight! You burn the orc knight.
The orc knight is almost dead.
Unknown command.
You barely miss the orc knight.
The orc knight is almost dead.
You are no longer berserk.
You are exhausted.
You feel yourself slow down.
The orc knight hits you with a +0 long sword!!
* * * LOW HITPOINT WARNING * * *
Unknown command.
Unknown command.
Your ogre goes berserk!
The orc no longer looks unusually strong.
The orc knight hits you with a +0 long sword!!!
You die...

▓▓▓▓▓▓▓▓▓▓▓▓▓▓▓▓▓▓▓▓▓▓▓▓
).)))))))....)O)@ooooooo
▓▓▓▓▓▓▓▓▓▓▓▓▓▓▓▓▓▓▓▓▓▓▓▓▓▓▓▓▓▓▓▓▓
.................................
▓▓▓▓▓▓▓▓▓▓▓▓▓▓▓▓▓▓▓▓▓▓▓▓▓▓▓▓▓▓▓▓▓
(......)'........)'.........'....
▓▓▓▓▓▓▓▓▓▓▓▓▓▓▓▓▓▓▓▓▓▓▓▓▓▓▓▓▓▓▓▓▓
.................................
▓▓▓▓▓▓▓▓▓▓▓▓▓▓▓▓▓▓▓▓▓▓▓▓▓▓▓▓▓▓▓▓▓
...'________________________'.?).


You could see 3 orc knights, an orc warrior (strong), an orc priest (strong), 2
orcs and a friendly ogre (summoned, berserk).

Vanquished Creatures
  3 catoblepae (D)
  A centaur warrior (D)
  A two-headed ogre (D)
  3 death yaks (D)
  A tengu warrior (D)
  An orc high priest (D)
  An orc knight (D)
  2 ugly things (D)
  A torpor snail (D)
  4 cane toads (D)
  A troll (D)
  3 blink frogs (D)
  A wyvern (D)
  2 yaks (D)
  A basilisk (D)
  A steam dragon (D)
  An acid dragon (D)
  A water moccasin (D)
  8 orc warriors (D)
  An ice beast (D)
  A centaur (D)
  A phantom (D)
  2 bullfrogs (D)
  A howler monkey (D)
  3 orc priests (D)
  An iguana (D)
  3 orc wizards (D)
  A gnoll (D)
  An ufetubus (D)
  3 orcs (D)
  An endoplasm (D)
  A hobgoblin (D)
  A bat (D)
  2 kobolds (D)
60 creatures vanquished.

Vanquished Creatures (collateral kills)
  A catoblepas (D)
  A cane toad (D)
  A rime drake (D)
  A dream sheep (D)
  A wyvern (D)
  A bullfrog (D)
6 creatures vanquished.

Grand Total: 66 creatures vanquished

Notes
Turn   | Place    | Note
-------+----------+-------------------------------------------
     0 | D        | Zeld the Minotaur Berserker began the quest for the Orb.
     0 | D        | Reached XP level 1. HP: 19/19 MP: 0/0
    18 | D        | Reached ** piety under Trog
   353 | D        | Noticed an iguana
   353 | D        | Noticed a phantom
   353 | D        | Noticed an ice beast
   357 | D        | Killed an iguana
   358 | D        | Reached skill level 5 in Fighting
   358 | D        | Reached skill level 5 in Axes
   358 | D        | Reached XP level 2. HP: 29/29 MP: 1/1
   358 | D        | Reached XP level 3. HP: 36/36 MP: 2/2
   361 | D        | Reached *** piety under Trog
   366 | D        | Killed a phantom
   367 | D        | Reached skill level 5 in Armour
   367 | D        | Reached XP level 4. HP: 43/47 MP: 3/3
   371 | D        | Killed an ice beast
   372 | D        | Reached skill level 5 in Dodging
   372 | D        | Reached XP level 5. HP: 23/56 MP: 4/4
   708 | D        | Found a snail-covered altar of Cheibriados.
   708 | D        | Found a shadowy altar of Dithmenos.
   708 | D        | Found a white marble altar of Elyvilon.
   708 | D        | Found a blossoming altar of Fedhas.
   708 | D        | Found an opulent altar of Gozag.
   709 | D        | Found a hazy altar of Hepliaklqana.
   710 | D        | Found a viscous altar of Jiyva.
   711 | D        | Found an ancient bone altar of Kikubaaqudgha.
   712 | D        | Found a corrupted altar of Lugonu.
   713 | D        | Found a burning altar of Makhleb.
   714 | D        | Found a sparkling altar of Nemelex Xobeh.
   715 | D        | Found an iron altar of Okawaru.
   716 | D        | Found a stormy altar of Qazlal.
   717 | D        | Found a sacrificial altar of Ru.
   718 | D        | Found a shimmering blue altar of Sif Muna.
   719 | D        | Found a bloodstained altar of Trog.
   720 | D        | Found a hide-covered altar of Uskayaw.
   721 | D        | Found a radiant altar of Vehumet.
   722 | D        | Found an ornate altar of the Wu Jian Council.
   723 | D        | Found a shimmering altar of Xom.
   724 | D        | Found a basalt altar of Yredelemnul.
   725 | D        | Found a glowing silver altar of Zin.
   726 | D        | Found a glowing golden altar of the Shining One.
   742 | D        | Got the +1 broad axe of the Orb {speed, Str+2 Dex+4}
   779 | D        | Noticed an orc warrior
   779 | D        | Noticed a steam dragon
   779 | D        | Noticed an acid dragon
   779 | D        | Noticed a centaur
   779 | D        | Noticed a yak
   780 | D        | Reached **** piety under Trog
   784 | D        | Killed an orc warrior
   785 | D        | Reached skill level 10 in Fighting
   785 | D        | Reached skill level 10 in Axes
   785 | D        | Reached XP level 6. HP: 49/66 MP: 5/5
   787 | D        | Killed an acid dragon
   790 | D        | Killed a steam dragon
   791 | D        | Reached XP level 7. HP: 74/74 MP: 6/6
   798 | D        | Killed a yak
   798 | D        | Reached ***** piety under Trog
   904 | D        | Noticed a two-headed ogre
   904 | D        | Noticed a white ugly thing
   904 | D        | Noticed a red ugly thing
   904 | D        | Noticed a tengu warrior
   904 | D        | Noticed a troll
   904 | D        | Noticed a centaur warrior
   910 | D        | Killed a two-headed ogre
   911 | D        | Reached XP level 8. HP: 86/86 MP: 7/7
   914 | D        | Killed a red ugly thing
   918 | D        | Killed a red ugly thing
   919 | D        | Reached skill level 10 in Armour
   919 | D        | Reached XP level 9. HP: 82/96 MP: 8/8
   921 | D        | Killed a tengu warrior
   922 | D        | Reached skill level 15 in Fighting
   922 | D        | Reached skill level 15 in Axes
   922 | D        | Reached skill level 10 in Dodging
   926 | D        | Killed a troll
   926 | D        | Received a gift from Trog
   932 | D        | Killed a centaur warrior
  1321 | D        | Noticed a cane toad
  1321 | D        | Noticed a cane toad
  1326 | D        | Noticed a cane toad
  1327 | D        | Noticed a cane toad
  1328 | D        | Killed a cane toad
  1329 | D        | Reached XP level 10. HP: 108/108 MP: 9/9
  1331 | D        | Killed a cane toad
  1331 | D        | Received a gift from Trog
  1338 | D        | Killed a cane toad
  1350 | D        | Killed a cane toad
  1457 | D        | Noticed a torpor snail
  1463 | D        | Noticed a cane toad
  1471 | D        | Killed a torpor snail
  1481 | D        | Killed a cane toad
  1481 | D        | Received a gift from Trog
  1560 | D        | Noticed a catoblepas
  1560 | D        | Noticed a death yak
  1560 | D        | Noticed a catoblepas
  1560 | D        | Noticed a death yak
  1560 | D        | Noticed a catoblepas
  1569 | D        | Noticed a catoblepas
  1572 | D        | Killed a catoblepas
  1577 | D        | Noticed a death yak
  1578 | D        | Killed a death yak
  1579 | D        | Reached XP level 11. HP: 91/121 MP: 10/10
  1599 | D        | Killed a catoblepas
  2104 | D        | Killed a catoblepas
  2120 | D        | Killed a death yak
  2124 | D        | Killed a catoblepas
  2149 | D        | Killed a death yak
  2823 | D        | Noticed an orc knight
  2837 | D        | Killed an orc knight
  2840 | D        | Received a gift from Trog
  3153 | D        | Noticed an orc high priest
  3153 | D        | Noticed an orc knight
  3155 | D        | Noticed an orc knight
  3160 | D        | Noticed a sun demon
  3161 | D        | Noticed an orc knight
  3190 | D        | Killed an orc high priest
  3190 | D        | Received a gift from Trog
  3196 | D        | HP: 1/126 [orc knight/+0 long sword (24)]
  3197 | D        | Annihilated by an orc knight

Illustrated notes

Levels and vault maps discovered:
D:        linesprint [early_d, line_temple, items_1, d_10, items_2, lair_1,
          lair_end, items_3, orc_1, orc_end, items_4, d_15, swamp_1, shoals_1,
          snake_1, spider_1, d_20, vaults_1, items_5, swamp_end, shoals_end,
          snake_end, spider_end, vaults_end, d_27, items_6, zot_1, zot_end,
          crypt_end, forest_end, elf_end, slime_end, tomb_end, abyss_end,
          pan_hell_end]

Skill      XL: |  1  2  3  4  5  6  7  8  9 10 11 |
---------------+----------------------------------+-----
Axes           | 5 7 8 10 11 13 14 16 18 20 | 20.0
Fighting       | 5 7 8 10 11 13 14 16 18 20 | 20.5
Armour         | 3 5 6 7 9 10 11 13 14 | 14.8
Dodging        | 3 4 5 6 7 8 9 10 12 13 | 13.7

Action                   |  1- 3 |  4- 6 |  7- 9 | 10-12 || total
-------------------------+-------+-------+-------+-------++-------
Melee: Hand axe          |    32 |    10 |       |       ||    42
       Headbutt          |     6 |     8 |     7 |    31 ||    52
       Broad axe         |       |     9 |    30 |       ||    39
       Punch             |       |     1 |       |       ||     1
       Battleaxe         |       |       |     6 |   126 ||   132
Invok: Berserk           |     2 |     1 |     2 |     4 ||     9
       Brothers in Arms  |       |       |       |     7 ||     7
       Trog's Hand       |       |       |       |     2 ||     2
  Use: Scroll            |       |       |       |     2 ||     2
 Stab: Petrified         |       |       |       |     6 ||     6
Armor: Animal skin       |     5 |     1 |       |       ||     6
       Plate armour      |       |     1 |    12 |    64 ||    77
Dodge: Dodged            |    16 |     5 |     9 |    27 ||    57

Table legend: (Time is in decaauts)
 A = Elapsed time spent in this place.
 B = Non-inter-level travel time spent in this place.
 C = Inter-level travel time spent in this place.
 D = Time resting spent in this place.
 E = Time spent auto-exploring this place.
 F = Levels seen in this place.
 G = Mean time per level.
                   A        B        C        D        E       F      G
               +--------+--------+--------+--------+--------+-----+--------+
         Total |   3207 |   3207 |      0 |   1760 |    615 |   1 | 3207.0 |
       Dungeon |   3207 |   3207 |      0 |   1760 |    615 |   1 | 3207.0 |
               +--------+--------+--------+--------+--------+-----+--------+

Top non-repeatable levels by time:
       D: 3207 daAuts
